Map: Pillars of Gold LE

Players

ReSpOnSe

  • Race: Protoss Protoss
  • League: Grandmaster
  • Spawn Location: 1:00

NoRegreT - Winner!

  • Race: Zerg Zerg
  • League: Grandmaster
  • Spawn Location: 7:00

VOD

Have the link to the VOD?

Description

Time

  • Played on: Aug. 26, 2020, 10:23 a.m.
  • Length: 5:18
Show
View Real Time Build Order
Export as new Build Order

ReSpOnSe Protoss 

Build Orders:  

Get SALT Encoding   

  12  0:00  Probe  
  13  0:13  Probe  
  14  0:23  Pylon  
  14  0:25  Probe  
  15  0:42  Gateway, Probe (Chrono Boost)  
  17  0:51  Probe (Chrono Boost)  
  17  0:54  Assimilator  
  17  0:56  Probe  
  17  1:02  Pylon  
  18  1:08  Probe  
  19  1:20  Probe  
  19  1:22  Pylon  
  20  1:26  Pylon  
  20  1:32  Cybernetics Core  
  20  1:33  Probe  
  23  1:40  Zealot  
  23  2:00  Nexus  
  23  2:04  Probe  
  23  2:06  Adept (Chrono Boost)  
  24  2:13  Warp Gate  
  25  2:23  Gateway  
  25  2:30  Stalker (Chrono Boost)  
  25  2:36  Assimilator  
  27  2:39  Probe  
  28  2:45  Pylon  
  28  2:51  Probe  
  28  2:56  Sentry  
  31  3:01  Shield Battery  
  31  3:03  Probe  
  32  3:16  Probe (Chrono Boost)  
  32  3:18  Probe (Chrono Boost)  
  34  3:26  Probe (Chrono Boost)  
  35  3:30  Probe (Chrono Boost)  
  35  3:31  Stargate  
  35  3:33  Probe (Chrono Boost)  
  37  3:34  Probe (Chrono Boost)  
  37  3:39  Pylon  
  38  3:42  Probe  
  38  3:46  Probe  
  40  3:52  Shield Battery  
  40  3:54  Shield Battery  
  40  3:55  Probe  
  39  3:58  Gateway  
  39  4:00  Stalker  
  41  4:03  Sentry  
  43  4:11  Shield Battery  
  43  4:17  Void Ray (Chrono Boost)  
  43  4:19  Gateway  
  40  4:36  Stalker  
  26  4:53  Zealot  
  22  5:09  Stalker  
  20  5:17  Stalker  
Show
View Real Time Build Order
Export as new Build Order

NoRegreT Zerg - Winner!

Build Orders: Pool First 

Get SALT Encoding   

  12  0:00  Drone  
  13  0:12  Overlord  
  13  0:18  Drone  
  14  0:30  Drone  
  14  0:31  Drone  
  14  0:32  Extractor  
  14  0:34  Drone  
  16  0:49  Spawning Pool  
  15  0:52  Drone  
  15  0:56  Drone  
  17  1:33  Hatchery  
  17  1:37  Zergling x6  
  19  1:42  Metabolic Boost  
  19  1:52  Queen  
  21  2:08  Roach Warren  
  21  2:09  Drone  
  21  2:14  Overlord  
  21  2:18  Zergling x2  
  22  2:48  Roach x4  
  30  2:59  Roach  
  30  3:01  Roach  
  30  3:03  Zergling x4  
  36  3:11  Overlord  
  35  3:22  Overlord  
  35  3:41  Zergling x2  
  35  3:42  Zergling x12  
  35  3:45  Zergling x2  
  43  4:03  Overlord  
  43  4:05  Zergling x2  
  43  4:07  Zergling x2  
  43  4:10  Zergling x2  
  43  4:14  Zergling x2  
  43  4:16  Zergling x2  
  43  4:19  Zergling x2  
  43  4:25  Zergling x2  
  43  4:27  Zergling x2  
  43  4:28  Zergling x4  
  44  4:34  Zergling x2  
  44  4:38  Zergling x2  
  42  4:47  Zergling x2  
  42  4:48  Zergling x2  
  43  4:58  Zergling x2  
Tags
 
Add a new tag
Caveats
  • Supply blocks, unpowered buildings, or Contaminate may cause inaccurate times.
  • Supply counts are checked every 10 seconds.